 Dungeon Crawl Stone Soup version 0.20.1-1-g8b1a95d (webtiles) character file.

166 Gremour the Chopper (level 5, -7/67 HPs)
             Began as a Hill Orc Fighter on Dec 12, 2017.
             Mangled by Crazy Yiuf
             ... wielding a +4 quarterstaff of chaos
              (9 damage)
             ... on level 2 of the Dungeon.
             The game lasted 00:14:43 (3112 turns).

Gremour the Chopper (Hill Orc Fighter)              Turns: 3112, Time: 00:14:43

Health: -7/67      AC: 22    Str: 19    XL:     5   Next: 47%
Magic:  5/5        EV:  2    Int: 12    God:
Gold:   154        SH:  9    Dex: 11    Spells: 4/4 levels left

rFire    . . .     SeeInvis .   a - +0 war axe
rCold    . . .     Gourm    .   c - +0 shield
rNeg     + + +     Faith    .   (armour currently unavailable)
rPois    +         Spirit   .   (helmet currently unavailable)
rElec    .         Reflect  .   (cloak currently unavailable)
rCorr    .         Harm     .   (gloves currently unavailable)
MR       .....     NoTele   +   (boots currently unavailable)
Stlth    +.........             k - amulet of rage
Regen    0.3/turn               q - +4 ring of intelligence
MPRegen  0.1/turn               (no ring)

@: lethally poisoned (-7 -> -8), tree-form
A: no striking features
a: Evoke Berserk Rage


You were on level 2 of the Dungeon.
You were not hungry.
You were a tree.
You visited 1 branch of the dungeon, and saw 3 of its levels.

You collected 154 gold pieces.

Inventory:

Hand Weapons
 a - a +0 war axe (weapon)
 j - a +1 whip of venom
Armour
 b - a +0 scale mail (melded)
 c - a +0 shield (worn)
Jewellery
 k - an amulet of rage (around neck)
 q - a +4 ring of intelligence (left branch)
Scrolls
 e - 4 scrolls of remove curse
 i - a scroll of identify
 t - a scroll of enchant armour {unknown}
 v - a scroll of amnesia {unknown}
Potions
 d - 2 potions of might
 h - a potion of resistance {unknown}
 m - a potion of curing {unknown}
 n - a potion of haste {unknown}
 o - 2 potions of flight
 p - a potion of berserk rage {unknown}
 s - 3 potions of lignification
 x - a potion of degeneration {unknown}
Comestibles
 f - 4 bread rations
 g - 3 royal jellies
 u - 2 meat rations
 w - a fruit


   Skills:
 - Level 3.6 Fighting
 + Level 7.3 Axes
 - Level 3.2 Armour
 - Level 3.2 Shields


You had 4 spell levels left.
You didn't know any spells.

Dungeon Overview and Level Annotations

Branches:
Dungeon (3/15)

Altars:
Fedhas
Uskayaw

Annotations:
D:2 Crazy Yiuf


Message History

Crazy Yiuf freezes you.
You hit Crazy Yiuf but do no damage.
Crazy Yiuf is lightly wounded.
Crazy Yiuf grits, "Tosser Orb Guardian koolooloo!"
Crazy Yiuf barely misses you.
You feel sick.
Crazy Yiuf says, "Ten sing-song sizzlefizz!"
You barely miss Crazy Yiuf.
Crazy Yiuf is lightly wounded.
You feel sick.
Crazy Yiuf hits you with a quarterstaff of chaos.
Crazy Yiuf burns you.
Crazy Yiuf hits you with a quarterstaff of chaos.
You are electrocuted!
* * * LOW HITPOINT WARNING * * *
It was a potion of lignification.
You turn into a tree.
Your +0 scale mail melds into your body.
Your roots penetrate the ground.
Crazy Yiuf hits you with a quarterstaff of chaos!
You die...

###.<.....#...
###........#. #####
#..#....##.#. #)..#
#....##.##... #...#
#...###.##... #...#
#............ #'#
#..#######... ♣g♣♣
#..# #####... ♣♣♣♣
#### #.((.()[ ♣.♣♣
####.###... ♣♣.♣
#.......... ♣♣.♣♣
#.###.###.. ♣♣...♣
#.#.....#.# ♣....♣
###.#.....#.# #....#
#.#....>..)(.
#....###...#.....#..
#..........#.....#..


You could see Crazy Yiuf.

Vanquished Creatures
  Natasha (D:3)
  An adder (D:2)
  4 gnolls
  5 worms
  A dart slug (D:3)
  3 leopard geckos
  A ball python (D:3)
  5 giant cockroaches
  5 goblins
  7 hobgoblins
  11 jackals
  A quokka (D:2)
  10 bats
  6 frilled lizards
  9 kobolds
  4 rats
74 creatures vanquished.

Notes
Turn   | Place    | Note
-------+----------+-------------------------------------------
     0 | D:1      | Gremour the Hill Orc Fighter began the quest for the Orb.
     0 | D:1      | Reached XP level 1. HP: 19/19 MP: 1/1
   104 | D:1      | Reached skill level 3 in Axes
   216 | D:1      | Reached XP level 2. HP: 26/26 MP: 2/2
   571 | D:1      | Reached skill level 4 in Axes
   736 | D:2      | Reached XP level 3. HP: 31/31 MP: 3/3
   914 | D:2      | Reached skill level 5 in Axes
  1273 | D:2      | Found a runed door.
  1326 | D:2      | Reached XP level 4. HP: 17/39 MP: 4/4
  1684 | D:3      | Found a hide-covered altar of Uskayaw.
  2032 | D:3      | Reached skill level 6 in Axes
  2315 | D:2      | Reached XP level 5. HP: 28/45 MP: 5/5
  2637 | D:3      | Noticed Natasha
  2652 | D:3      | Killed Natasha
  2652 | D:3      | Reached skill level 7 in Axes
  3020 | D:3      | Found a blossoming altar of Fedhas.
  3104 | D:2      | Noticed Crazy Yiuf
  3111 | D:2      | HP: 1/45 [Crazy Yiuf/quarterstaff of chaos (19)]
  3112 | D:2      | Mangled by Crazy Yiuf

Skill      XL: |  1  2  3  4  5 |
---------------+----------------+-----
Axes           | 3 4 5 6 7 |  7.3
Fighting       | |  3.6
Armour         | |  3.2
Shields        | |  3.2

Action                   |  1- 3 |  4- 6 || total
-------------------------+-------+-------++-------
Melee: War axe           |   138 |   104 ||   242
 Abil: Evoke Berserk Rag |     1 |       ||     1
  Use: Scroll            |     1 |     3 ||     4
       Potion            |       |     1 ||     1
  Eat: Chunk             |     2 |     6 ||     8
Armor: Scale mail        |    80 |    31 ||   111
Dodge: Dodged            |    41 |    45 ||    86
Block: Shield            |    88 |    55 ||   143
